 Dungeon Crawl Stone Soup version 0.24-a0-91-g4e4936a (webtiles) character file.

Game seed: 14869364827318184677

153 Volvagia the Ruffian (level 5, -3/47 HPs)
             Began as a Minotaur Monk on Feb 8, 2019.
             Was a Believer of Cheibriados.
             Killed from afar by an orc wizard (6 damage)
             ... with a magic dart
             ... on level 3 of the Dungeon.
             The game lasted 00:05:49 (1092 turns).

Volvagia the Ruffian (Minotaur Monk)                Turns: 1092, Time: 00:05:51

Health: -3/47      AC:  6    Str: 19 (21) XL:     5   Next: 12%
Magic:  4/4        EV: 12    Int: 10 (11) God:    Cheibriados [**....]
Gold:   140        SH:  0    Dex: 14 (16) Spells: 4/4 levels left

rFire    . . .     SeeInvis .     - Unarmed
rCold    . . .     Gourm    .   (no shield)
rNeg     . . .     Faith    .   f - +0 scale mail
rPois    .         Spirit   .   (helmet restricted)
rElec    .         Reflect  .   (no cloak)
rCorr    .         Harm     .   (no gloves)
MR       .....                  (no boots)
Stlth    +.........             (no amulet)
HPRegen  0.15/turn              d - ring of wizardry
MPRegen  0.09/turn              (no ring)

@: hasted, quick
A: retaliatory headbutt, horns 2
a: Bend Time, Renounce Religion


You were on level 3 of the Dungeon.
You worshipped Cheibriados.
Cheibriados was pleased with you.
You were not hungry.

You visited 1 branch of the dungeon, and saw 3 of its levels.

You collected 140 gold pieces.

Inventory:

Armour
 a - a +0 robe
 f - a +0 scale mail (worn)
Jewellery
 d - a ring of wizardry (left hand)
Scrolls
 c - a scroll of identify
Potions
 g - a potion of haste
Comestibles
 b - 5 rations


   Skills:
 + Level 4.5 Fighting
 + Level 0.6 Armour
 + Level 4.3 Dodging
 + Level 2.0 Stealth
 + Level 4.9 Unarmed Combat


You had 4 spell levels left.
You didn't know any spells.
Your spell library was empty.

Dungeon Overview and Level Annotations

Branches:
Dungeon (3/15)

Altars:
Cheibriados
Hepliaklqana
Qazlal
Trog
Vehumet
Zin

Annotations:
D:2 Sigmund
D:3 Terence


Innate Abilities, Weirdness & Mutations

You reflexively headbutt those who attack you in melee.
You have a pair of horns on your head.


Message History

The orc wizard hits you with a +0 dagger.
* * * LOW HITPOINT WARNING * * *
As you read the scroll labeled FIUWO PISTIBI, it crumbles to dust.
It is a scroll of identify.
You don't have any unidentified items.
The orc wizard hits you but does no damage.
You hit the orc wizard but do no damage.
You headbutt the orc wizard.
The orc wizard is heavily wounded.
Terence barely misses you.
The orc wizard hits you with a +0 dagger.
* * * LOW HITPOINT WARNING * * *
Unknown command.
You barely miss the orc wizard. Your headbutt misses the orc wizard.
The orc wizard is heavily wounded.
Terence shouts, "DIE!!!"
Terence misses you.
The orc wizard points at you and mumbles some strange words.
The magic dart hits you.
You die...

#.# #.##.## #..
..##.## ###...# #####
#...# ....## #...#
....# #...#
#..######†..###.
...###.o#............#
...$...@@r.........###
.....#..#............#
... #..######...###.#
. ....# #...# ...
#.#.## ...... ## .....
....##. ###.## ..r# .


You could see Terence, an orc wizard and a rat.

Vanquished Creatures
  A crimson imp (D:3)
  An orc priest (D:3)
  Natasha (D:3)
  An ooze (D:1)
  2 worms
  2 dart slugs (D:1)
  3 leopard geckos
  An orc (D:3)
  3 bats
  3 giant cockroaches
  5 goblins
  5 hobgoblins
  6 jackals (D:1)
  5 frilled lizards
  6 kobolds
  5 rats
50 creatures vanquished.

Notes
Turn   | Place    | Note
-------+----------+-------------------------------------------
     0 | D:1      | Volvagia the Minotaur Monk began the quest for the Orb.
     0 | D:1      | Reached XP level 1. HP: 19/19 MP: 0/0
    76 | D:1      | Reached XP level 2. HP: 19/27 MP: 1/1
   464 | D:1      | Reached XP level 3. HP: 28/33 MP: 2/2
   933 | D:2      | Noticed Sigmund
   994 | D:3      | Found a snail-covered altar of Cheibriados.
   995 | D:3      | Reached XP level 4. HP: 29/40 MP: 3/3
  1002 | D:3      | Found a radiant altar of Vehumet.
  1003 | D:3      | Found a stormy altar of Qazlal.
  1003 | D:3      | Found a hazy altar of Hepliaklqana.
  1004 | D:3      | Found a glowing silver altar of Zin.
  1005 | D:3      | Found a bloodstained altar of Trog.
  1007 | D:3      | Became a worshipper of Cheibriados the Contemplative
  1007 | D:3      | Reached * piety under Cheibriados
  1007 | D:3      | Reached ** piety under Cheibriados
  1071 | D:3      | Noticed Natasha
  1071 | D:3      | Noticed Terence
  1084 | D:3      | Killed Natasha
  1086 | D:3      | Reached XP level 5. HP: 14/47 MP: 4/4
  1092 | D:3      | Killed from afar by an orc wizard

Levels and vault maps discovered:
D:1:      dpeg_arrival_shrine, layout_loops_ring, minmay_box_of_dots
D:2:      layout_basic, kennysheep_crisscross, minmay_pentomino_p4, uniq_sigmund
D:3:      layout_loops_cross, grunt_temple_overflow_open, uniq_natasha,
          uniq_ijyb, uniq_terence

Skill      XL: |  1  2  3  4 |
---------------+-------------+-----
Fighting       | 4 |  4.5
Unarmed Combat | 4 |  4.9
Dodging        | 4 |  4.3
Stealth        | 2 |  2.0
Armour         | |  0.6

Action                   |  1- 3 |  4- 6 || total
-------------------------+-------+-------++-------
Melee: Unarmed           |   102 |    15 ||   117
       Headbutt          |    20 |     4 ||    24
       Punch             |     2 |       ||     2
  Use: Potion            |       |     2 ||     2
       Scroll            |       |     1 ||     1
 Stab: Sleeping          |     2 |       ||     2
  Eat: Ration            |       |     1 ||     1
Armor: Robe              |    15 |       ||    15
       Scale mail        |    10 |    10 ||    20
Dodge: Dodged            |    55 |    14 ||    69

Table legend:
 A = Non-vault XP
 B = Vault XP
 C = Vault XP percentage of total XP
 D = Non-vault monster count
 E = Vault monster count
 F = Vault count percentage of total count
                 A         B        C        D         E       F
            +---------+---------+-------+---------+---------+-------
      Total |     166 |      53 |  24.2 |      41 |       9 |  18.0
            +---------+---------+-------+---------+---------+-------
        D:1 |      52 |       8 |  13.3 |      26 |       4 |  13.3
        D:2 |       8 |      10 |  55.6 |       5 |       4 |  44.4
        D:3 |     106 |      35 |  24.8 |      10 |       1 |   9.1
            +---------+---------+-------+---------+---------+-------
